 Dungeon Crawl Stone Soup version 0.26.1-2-gb8aa6d0cf2 (webtiles) character file.

Game seed: 17500330242802326552

3189 funkygono the Thaumaturge (level 9, -1/46 HPs)
             Began as a Deep Elf Fire Elementalist on Mar 16, 2021.
             Was a Follower of Vehumet.
             Slain by a troll (4 damage)
             ... on level 8 of the Dungeon.
             The game lasted 00:22:39 (8859 turns).

funkygono the Thaumaturge (DEFE)                    Turns: 8859, Time: 00:22:41

Health: -1/46      AC: 11    Str:  5    XL:     9   Next: 64%
Magic:  20/25      EV: 13    Int: 24    God:    Vehumet [*.....]
Gold:   515        SH:  6    Dex: 15    Spells: 19/28 levels left

rFire    . . .     SeeInvis .   h - +0 long sword
rCold    + . .     Faith    .   z - +3 buckler of Shadows and Fog {rElec}
rNeg     . . .     Spirit   .   w - +0 steam dragon scales
rPois    .         Reflect  .   l - +0 helmet
rElec    +         Harm     .   n - +1 cloak
rCorr    +         Rampage  .   e - +1 pair of gloves
Will     .....                  x - +0 pair of boots
Stlth    ++........             (no amulet)
HPRegen  0.15/turn              b - ring of protection from cold
MPRegen  0.19/turn              q - ring of resist corrosion

@: no status effects
A: no striking features
a: Renounce Religion


You were on level 8 of the Dungeon.
You worshipped Vehumet.
Vehumet was aware of your devotion.
You visited 2 branches of the dungeon, and saw 9 of its levels.

You collected 515 gold pieces.

Inventory:

Hand Weapons
 h - a +0 long sword (weapon)
 j - a +1 dagger
 m - a +1 dagger of speed
 v - a +0 whip of venom
Missiles
 d - 494 stones
Armour
 e - a +1 pair of gloves (worn)
 f - a +2 robe of willpower
 l - a +0 helmet (worn)
 n - a +1 cloak (worn)
 w - +0 steam dragon scales (worn)
 x - a +0 pair of boots (worn)
 z - the +3 buckler of Shadows and Fog (worn) {rElec}
   (You found it on level 6 of the Dungeon)

   It insulates you from electricity.
Jewellery
 b - a ring of protection from cold (left hand)
 q - a ring of resist corrosion (right hand)
 y - an uncursed ring of protection from cold
Scrolls
 r - 5 scrolls of amnesia
 A - 3 scrolls of remove curse
 D - a scroll of teleportation
Potions
 c - 6 potions of curing
 g - 2 potions of lignification
 i - 2 potions of flight
 k - a potion of magic {unknown}
 o - 3 potions of heal wounds
 p - 2 potions of haste
 s - a potion of resistance
 t - a potion of invisibility
 u - 2 potions of mutation {unknown}
 B - a potion of brilliance {unknown}
 C - a potion of attraction {unknown}


   Skills:
 + Level 0.4 Fighting
 + Level 3.8 Dodging
 - Level 2.4 Stealth
 + Level 0.1 Shields
 * Level 10.4 Spellcasting
 * Level 7.4 Conjurations
 * Level 5.4 Hexes
 * Level 8.7 Fire Magic


You had 19 spell levels left.
You knew the following spells:

 Your Spells              Type           Power        Failure   Level
a - Foxfire               Conj/Fire      100%         1%          1
b - Inner Flame           Hex/Fire       46%          1%          3
c - Fireball              Conj/Fire      25%          9%          5

Your spell library contained the following spells:

 Spells                   Type           Power        Failure   Level
 Magic Dart               Conj           100%         1%          1
 Conjure Flame            Conj/Fire      50%          1%          3
 Confusing Touch          Hex            38%          2%          3
 Sticky Flame             Conj/Fire      50%          3%          4
 Stone Arrow              Conj/Erth      60%          5%          3
 Sandblast                Erth           24%          9%          1
 Passwall                 Tmut/Erth      10%          12%         2
 Gell's Gravitas          Tloc           6%           24%         3
 Metabolic Englaciation   Hex/Ice        12%          58%         5
 Yara's Violent Unravell  Hex/Tmut       12%          58%         5
 Petrify                  Tmut/Erth      12%          63%         4
 Lee's Rapid Deconstruct  Erth           6%           92%         5


Dungeon Overview and Level Annotations

Branches:
Dungeon (8/15)             Temple (1/1) D:5
   Lair: D:8-11

Altars:
Ashenzari
Cheibriados
Dithmenos
Fedhas
Gozag
Kikubaaqudgha
Makhleb
Okawaru
Qazlal
Ru
Trog
Uskayaw
Vehumet
Wu Jian
Xom
Yredelemnul
Zin
The Shining One

Shops:
D:6 ?=

Annotations:
D:6 5 runed translucent doors


Message History

The centaur zombie hits you but does no damage.
Casting: Foxfire (safe; 1% risk of failure)
Confirm with . or Enter, or press ? or * to list all spells.
You conjure some foxfire!
The foxfire hits the centaur zombie.
The centaur zombie is moderately damaged.
The foxfire hits the centaur zombie!
The centaur zombie is heavily damaged.
The foxfire hits the centaur zombie.
The centaur zombie is heavily damaged.
The centaur zombie barely misses you. The troll bites you!
The troll barely misses you. The troll claws you!
* * * LOW HITPOINT WARNING * * *
Casting: Foxfire (safe; 1% risk of failure)
Confirm with . or Enter, or press ? or * to list all spells.
You conjure some foxfire!
The foxfire hits the troll.
The troll is lightly wounded.
The centaur zombie hits you.
* * * LOW HITPOINT WARNING * * *
You block the troll's attack. The troll misses you. The troll claws you.
You die...

... # # ####.# .# ## .# ..##.# .#
.# ##.##.# #.##.# ##Z )#
###..##.# #.##.# #.. .###≈≈.≈≈#.#
#.##.# #.# ....≈# #≈#.####.##.#
#.# ###..+
+.......v.Z.#########.###.
....≈#+#≈..###(v@T...............
....≈≈.≈≈#.###.##...############.
###.#(..§v§v...##.#.# #
#.#...##.##>.##.#.# #
#.#...##.##..##.#.# #
#.#...##.##..##.#.#
........##.##..##.#.#
........##.##..##.#.#
###.#.#.##.##..#


You could see a troll and a centaur zombie.

Vanquished Creatures
  Joseph (D:8)
  Maggie (D:6)
  Grinder (D:6)
  Edmund (D:4)
  A water moccasin (D:7)
  3 ice beasts
  A black bear (D:6)
  A necrophage (D:8)
  An ogre (D:4)
  2 phantoms
  2 centaurs
  A big kobold (D:5)
  A gnoll sergeant (D:6)
  Blork the orc (D:6)
  2 bullfrogs
  A scorpion (D:7)
  3 howler monkeys
  A bullfrog zombie (D:6)
  3 hounds
  2 orc wizards (D:5)
  Terence (D:2)
  2 iguanas
  5 worker ants
  A bullfrog simulacrum (D:5)
  2 hound skeletons
  Robin (D:2)
  7 adders
  12 gnolls
  A white imp (D:5)
  An ooze (D:4)
  3 ufetubi
  2 adder skeletons (D:5)
  3 worms
  4 dart slugs
  4 leopard geckos
  5 orcs
  8 giant cockroaches
  11 goblins
  16 hobgoblins
  19 jackals
  14 kobolds
  2 quokkas (D:2)
  2 ball pythons
  7 bats
  3 frilled lizards
  A jackal skeleton (D:5)
  A leopard gecko skeleton (D:5)
  A leopard gecko zombie (D:5)
  8 rats
177 creatures vanquished.

Vanquished Creatures (others)
  937 foxfires
  2 fungi (D:5)
939 creatures vanquished.

Grand Total: 1116 creatures vanquished

Notes
Turn   | Place    | Note
-------+----------+-------------------------------------------
     0 | D:1      | funkygono the Deep Elf Fire Elementalist began the quest
                  | for the Orb.
     0 | D:1      | Reached XP level 1. HP: 10/10 MP: 6/6
   580 | D:1      | Reached XP level 2. HP: 15/15 MP: 4/8
  1074 | D:2      | Noticed Terence
  1085 | D:2      | Killed Terence
  1086 | D:2      | Reached XP level 3. HP: 19/19 MP: 0/10
  1254 | D:2      | Found a broken altar of Ashenzari.
  1463 | D:2      | Reached XP level 4. HP: 24/24 MP: 9/11
  1494 | D:2      | Reached skill level 4 in Spellcasting
  1622 | D:2      | Noticed Robin
  1633 | D:2      | Killed Robin
  1819 | D:2      | Found a stormy altar of Qazlal.
  1999 | D:2      | Found a hide-covered altar of Uskayaw.
  2042 | D:2      | Learned a level 3 spell: Inner Flame
  2170 | D:3      | Reached XP level 5. HP: 28/28 MP: 12/14
  2184 | D:3      | Reached skill level 5 in Fire Magic
  2190 | D:3      | Reached skill level 5 in Spellcasting
  2594 | D:3      | Noticed a centaur
  2601 | D:3      | Killed a centaur
  2602 | D:3      | Reached XP level 6. HP: 17/32 MP: 11/16
  2753 | D:3      | Learned a level 5 spell: Fireball
  3128 | D:4      | Reached skill level 6 in Spellcasting
  3322 | D:4      | Noticed Edmund
  3677 | D:4      | Reached skill level 1 in Hexes
  3680 | D:4      | Reached XP level 7. HP: 9/36 MP: 6/19
  4328 | D:4      | Killed Edmund
  4329 | D:4      | Reached skill level 7 in Spellcasting
  4803 | D:5      | Entered Level 5 of the Dungeon
  4816 | D:5      | Found an ancient bone altar of Kikubaaqudgha.
  4817 | D:5      | Found a transporter.
  5032 | D:5      | Found an opulent altar of Gozag.
  5135 | D:5      | Found a blossoming altar of Fedhas.
  5150 | D:5      | Found a staircase to the Ecumenical Temple.
  5159 | Temple   | Entered the Ecumenical Temple
  5218 | Temple   | Became a worshipper of Vehumet
  5296 | D:5      | Found a transporter.
  5340 | D:5      | Reached skill level 8 in Spellcasting
  5340 | D:5      | Reached XP level 8. HP: 37/41 MP: 12/22
  5885 | D:6      | Found a shadowy altar of Dithmenos.
  5899 | D:6      | Found a runed translucent door.
  5899 | D:6      | Found a runed translucent gate.
  5899 | D:6      | Found a runed translucent gate.
  5900 | D:6      | Noticed Blork the orc
  5906 | D:6      | Killed Blork the orc
  5959 | D:6      | Found the +9 staff of Olgreb {rPois∞}
  6086 | D:6      | Found Qotaeta's Jewellery Shop.
  6258 | D:6      | Found an iron altar of Okawaru.
  6317 | D:6      | Found Vecupnam's Magic Scroll Shoppe.
  6477 | D:6      | Reached skill level 5 in Conjurations
  6510 | D:6      | Noticed Maggie
  6594 | D:6      | Killed Maggie
  6595 | D:6      | Reached skill level 9 in Spellcasting
  6767 | D:6      | Found an ornate altar of the Wu Jian Council.
  6836 | D:6      | Noticed Grinder
  6859 | D:6      | Killed Grinder
  6860 | D:6      | Reached XP level 9. HP: 10/46 MP: 8/24
  7270 | D:6      | Found a runed translucent gate.
  7271 | D:6      | Found a runed translucent door.
  7401 | D:6      | Got a bloodstained buckler
  7580 | D:6      | Identified the +3 buckler of Shadows and Fog {rElec} (You
                  | found it on level 6 of the Dungeon)
  7648 | D:7      | Reached * piety under Vehumet
  7648 | D:7      | Offered knowledge of Magic Dart by Vehumet.
  7728 | D:7      | Reached skill level 5 in Hexes
  8159 | D:7      | Reached skill level 10 in Spellcasting
  8533 | D:8      | Found an ornate altar of the Wu Jian Council.
  8625 | D:8      | Noticed Joseph
  8651 | D:8      | Killed Joseph
  8838 | D:8      | Noticed a troll
  8859 | D:8      | Slain by a troll

Illustrated notes

Levels and vault maps discovered:
D:1:      dpeg_chamrin_arrival_tetris, layout_basic
D:2:      minmay_roachtagon, layout_rooms, grunt_qazlal_sundering,
          eat_drink_and_be_merry_uskayaw, ashenzari_altar_1,
          grunt_ministairs_14, uniq_terence, uniq_robin
D:3:      layout_rooms, minivault_26, minmay_misc_feat_diagonals
D:4:      layout_basic, uniq_edmund
D:5:      layout_basic, gammafunk_temple_overflow_arena, fedhas_altar_3,
          nicolae_gozag_seed_capital, minmay_temple_entry_junction
D:6:      layout_loops_ring, nicolae_overflow_hidden_temple,
          okawaru_metal_pillars_1_2, nzn_wu_jian_contemplation, serial_shops,
          nicolae_shop_crystal, shop, minmay_guarded_unrand_staff_of_olgreb,
          uniq_maggie, uniq_blork_the_orc, uniq_grinder
D:7:      layout_cave_pools, dk_vineyard_2, chequers_serial_rivers_micro_a
D:8:      gammafunk_wand_slinger, layout_loops_ring, kennysheep_mini_moat,
          chequers_temple_overflow_minitemple, basic_altar,
          nicolae_looking_at_the_future, uniq_joseph
Temple:   compressed_dpeg_triangle_lava_temple

Skill      XL: |  1  2  3  4  5  6  7  8  9 |
---------------+----------------------------+-----
Fire Magic     | 4 5 6 7 8 |  8.7
Spellcasting   | 4 5 6 8 9 10 | 10.4
Conjurations   | 2 3 4 6 7 |  7.4
Hexes          | 1 2 4 5 |  5.4
Dodging        | 3 |  3.8
Fighting       | |  0.4
Stealth        | |  2.4
Shields        | |  0.1

Action                   |  1- 3 |  4- 6 |  7- 9 || total
-------------------------+-------+-------+-------++-------
Melee: Dagger            |       |       |    19 ||    19
 Cast: Foxfire           |    64 |   165 |   328 ||   557
       Inner Flame       |       |       |     4 ||     4
  Use: Scroll            |     3 |     6 |     9 ||    18
       Potion            |       |       |     1 ||     1
Armor: Robe              |     3 |     8 |    22 ||    33
       Steam dragon scal |       |       |    23 ||    23
Dodge: Dodged            |    11 |    27 |    92 ||   130
Block: Buckler           |       |       |    17 ||    17
       Rpst.: Long sword |       |       |     1 ||     1
